 Dungeon Crawl Stone Soup version 0.23-a0-622-g59b4ea9c50 (webtiles) character file.

120 EnegeticOcto the Skirmisher (level 5, 0/43 HPs)
             Began as a Formicid Fighter on Dec 24, 2018.
             Slain by a phantom (3 damage)
             ... on level 4 of the Dungeon.
             The game lasted 00:02:34 (2423 turns).

EnegeticOcto the Skirmisher (Formicid Fighter)      Turns: 2423, Time: 00:02:34

Health: 0/43       AC:  6    Str: 20    XL:     5   Next: 25%
Magic:  5/5        EV:  6    Int:  9    God:
Gold:   105        SH:  7    Dex: 10    Spells: 4/4 levels left

rFire    . . .     SeeInvis +   a - +0 quarterstaff
rCold    . . .     Gourm    .   c - +0 shield
rNeg     . . .     Faith    .   b - +0 scale mail
rPois    .         Spirit   .   (helmet unavailable)
rElec    .         Reflect  .   (no cloak)
rCorr    .         Harm     .   (no gloves)
MR       .....                  (no boots)
Stlth    ..........             (no amulet)
HPRegen  0.14/turn              (no ring)
MPRegen  0.09/turn              (no ring)

@: very heavily drained
A: permanent stasis, dig shafts and tunnels, four strong arms, antennae 3
a: Dig, Shaft Self


You were on level 4 of the Dungeon.
You were hungry.

You visited 1 branch of the dungeon, and saw 5 of its levels.

You collected 105 gold pieces.

Inventory:

Hand Weapons
 a - a +0 quarterstaff (weapon)
Missiles
 h - 42 bolts
Armour
 b - a +0 scale mail (worn)
 c - a +0 shield (worn)
Scrolls
 g - a scroll of magic mapping {unknown}
 i - a scroll of identify {unknown}
 k - 2 scrolls of amnesia {unknown}
 l - 2 scrolls of remove curse {unknown}
 n - a scroll of enchant armour {unknown}
 o - a scroll of enchant weapon {unknown}
 p - a scroll of immolation {unknown}
Potions
 d - a potion of might {@q3 !q}
 e - 2 potions of ambrosia {unknown}
 m - 2 potions of lignification {unknown}
 q - a potion of magic {unknown}
Comestibles
 f - 6 rations


   Skills:
 + Level 4.3(0.9) Fighting
 * Level 4.3(0.9) Staves
 - Level 3.2(0.0) Armour
 - Level 3.6(0.2) Shields


You had 4 spell levels left.
You didn't know any spells.
Your spell library was empty.

Dungeon Overview and Level Annotations

Branches:
Dungeon (5/15)
 Temple: D:4-7

Altars:


Innate Abilities, Weirdness & Mutations

You cannot be hasted, slowed, berserked, paralysed or teleported.
You can dig through walls and to a lower floor.
Your four strong arms can wield two-handed weapons with a shield.
You have a pair of large antennae on your head. (SInv)


Message History

You block the phantom's attack.
You hit the phantom.
The phantom is heavily damaged.
You block the phantom's attack.
You closely miss the phantom.
The phantom is heavily damaged.
You block the phantom's attack. The phantom hits you.
Your shield and scale mail prevent you from hitting the phantom.
The phantom is heavily damaged.
You block the phantom's attack.
You closely miss the phantom.
The phantom is heavily damaged.
The phantom hits you.
* * * LOW HITPOINT WARNING * * *
The phantom hits you!
* * * LOW HITPOINT WARNING * * *
You hit the phantom.
The phantom is heavily damaged.
The phantom hits you.
You die...

........{###{...### ....
..........#####...# o..
...###..............o{.#
. #................o.{o
###..[##...#.......
#........##....##
##.........#..##
####.....## ##.)@####
#..W># ##..)# #####


You could see a phantom.

Vanquished Creatures
  A hound (D:4)
  A bullfrog skeleton (D:4)
  An adder (D:2)
  A leopard gecko (D:2)
  7 orcs
  A ball python (D:1)
  3 bats
  6 giant cockroaches
  2 goblins (D:1)
  6 hobgoblins
  A frilled lizard (D:1)
  5 kobolds
  3 rats
38 creatures vanquished.

Vanquished Creatures (others)
  5 toadstools (D:5)
5 creatures vanquished.

Grand Total: 43 creatures vanquished

Notes
Turn   | Place    | Note
-------+----------+-------------------------------------------
     0 | D:1      | EnegeticOcto the Formicid Fighter began the quest for the
                  | Orb.
     0 | D:1      | Reached XP level 1. HP: 18/18 MP: 1/1
   167 | D:1      | Reached XP level 2. HP: 24/24 MP: 2/2
  1022 | D:2      | Reached XP level 3. HP: 30/30 MP: 3/3
  1668 | D:3      | Reached XP level 4. HP: 6/37 MP: 4/4
  1672 | D:3      | You fall through a shaft for 2 floors!
  1672 | D:5      | Entered Level 5 of the Dungeon
  1967 | D:5      | Noticed a phantom
  2006 | D:4      | Reached XP level 5. HP: 26/42 MP: 5/5
  2085 | D:4      | Noticed a phantom
  2393 | D:4      | Noticed Ijyb
  2423 | D:4      | Slain by a phantom

Vault maps used:
D:1:      dpeg_arrival_oval, minmay_tromino_i4
D:2:      first_ration
D:3:      minitemple, grunt_ministairs_3, wad_floor_pattern_untrapped
D:4:      chequers_serial_rivers_small_3, nicolae_dithmenos_the_darkroom,
          uniq_ijyb
D:5:      nicolae_overflow_crystal_walls, minmay_gold_behind_fungi,
          minmay_ogre_servants

Skill      XL: |  1  2  3  4 |
---------------+-------------+-----
Staves         | 3 4 |  4.3
Fighting       | 4 |  4.3
Armour         | |  3.2
Shields        | |  3.6

Action                   |  1- 3 |  4- 6 || total
-------------------------+-------+-------++-------
Melee: Quarterstaff      |   102 |    61 ||   163
       Unarmed           |       |     7 ||     7
 Abil: Dig               |       |     1 ||     1
       Shaft Self        |       |     1 ||     1
  Eat: Chunk             |     2 |     3 ||     5
Armor: Scale mail        |    48 |    31 ||    79
       Skin              |       |     4 ||     4
Dodge: Dodged            |    28 |    18 ||    46
Block: Shield            |    59 |    40 ||    99

Table legend:
 A = Non-vault XP
 B = Vault XP
 C = Vault XP percentage of total XP
 D = Non-vault monster count
 E = Vault monster count
 F = Vault count percentage of total count
                 A         B        C        D         E       F
            +---------+---------+-------+---------+---------+-------
      Total |     164 |       8 |   4.7 |      34 |       4 |  10.5
            +---------+---------+-------+---------+---------+-------
        D:1 |      20 |       8 |  28.6 |      13 |       4 |  23.5
        D:2 |      34 |       0 |   0.0 |      11 |       0 |   0.0
        D:3 |       8 |       0 |   0.0 |       3 |       0 |   0.0
        D:4 |     102 |       0 |   0.0 |       7 |       0 |   0.0
            +---------+---------+-------+---------+---------+-------
